 Dungeon Crawl Stone Soup version 0.18-a0-1308-g45b86c9 (webtiles) character file.

7657 KarvaRausku the Fighter (level 11, -3/93 HPs)
             Began as a Formicid Fighter on Feb 13, 2016.
             Was a Priest of Okawaru.
             Slain by a cyan ugly thing (16 damage)
             ... on level 12 of the Dungeon.
             The game lasted 00:50:06 (13585 turns).

KarvaRausku the Fighter (Formicid Fighter)         Turns: 13585, Time: 00:50:06

Health: -3/93      AC: 13    Str: 25    XL:     11   Next: 41%
Magic:  11/11      EV: 11    Int:  7    God:    Okawaru [***...]
Gold:   325        SH: 10    Dex: 10    Spells: 0 memorised, 10 levels left

rFire  . . .     SeeInvis +     a - +1 long sword
rCold  . . .     Gourm    .     Q - quicksilver dragon armour
rNeg   . . .     Faith    .     y - +0 shield
rPois  .         Spirit   .     (helmet unavailable)
rElec  .         Dismiss  +     v - +0 cloak
rCorr  .         Reflect  .     e - +0 pair of gloves
SustAt .         Harm     .     (no boots)
MR     +++..                    o - amulet of dismissal
Stlth  ++........               H - ring of stealth
                                m - ring of protection from magic

@: heavily drained, extremely resistant to hostile enchantments, unstealthy
A: permanent stasis, dig shafts and tunnels, four strong arms, antennae 3
a: Dig, Shaft Self, Heroism, Renounce Religion


You were on level 12 of the Dungeon.
You worshipped Okawaru.
Okawaru was most pleased with you.
You were not hungry.

You visited 2 branches of the dungeon, and saw 15 of its levels.

You collected 422 gold pieces.
You spent 97 gold pieces at shops.

Inventory:

Hand Weapons
 a - a +1 long sword (weapon)
 x - a +3 halberd
 C - a +1 rapier of venom
 D - a +0 falchion
 E - a +0 scythe
Armour
 b - a +0 scale mail
 c - a +0 shield
 e - a +0 pair of gloves (worn)
 r - a +0 chain mail
 v - a +0 cloak (worn)
 y - a +0 shield (worn)
 L - a +1 plate armour of positive energy
 Q - a quicksilver dragon armour (worn)
Jewellery
 m - a ring of protection from magic (left hand)
 n - an uncursed ring of fire {unknown}
 o - an amulet of dismissal (around neck)
 s - an uncursed ring of positive energy
 u - an uncursed amulet of magic regeneration
 A - an uncursed ring of see invisible {unknown}
 H - a ring of stealth (right hand)
 J - an uncursed ring of magical power
Wands
 f - a wand of flame (14/48)
 F - a wand of iceblast (3/15)
 K - a wand of iceblast (9/15)
 O - a wand of confusion (3/48)
Scrolls
 g - 7 scrolls of remove curse
 j - 2 scrolls of immolation
 k - a scroll of identify
 l - a scroll of enchant armour
 t - a scroll of recharging
Potions
 d - a potion of might
 h - 3 potions of curing
 p - a potion of magic
 q - 2 potions of lignification
 w - 2 potions of agility
 G - a potion of berserk rage
 M - 2 potions of brilliance
 N - a potion of mutation
 R - 2 potions of flight
Books
 P - a book of Party Tricks

   Spells                             Type                      Level
   a - Summon Butterflies             Summoning                    1
   b - Apportation                    Translocation                1
   c - Tukima's Dance                 Hexes                        3
   d - Alistair's Intoxication        Transmutation/Poison         5
   e - Invisibility                   Hexes                        6
Comestibles
 i - 2 slices of pizza
 z - 5 fruits
 S - 9 royal jellies


   Skills:
 + Level 11.1(9.6) Fighting
 + Level 10.4(8.9) Long Blades
 + Level 6.8(5.4) Armour
 + Level 4.4(3.1) Dodging
 - Level 2.0(0.8) Stealth
 + Level 7.2(5.8) Shields


You had 10 spell levels left.
You didn't know any spells.

Dungeon Overview and Level Annotations

Branches:
Dungeon (14/15)            Temple (1/1) D:6
   Lair: D:8-11         Orc: D:9-12      Vaults: D:13-14

Altars:
Ashenzari
Cheibriados
Dithmenos
Elyvilon
Fedhas
Gozag
Kikubaaqudgha
Makhleb
Nemelex Xobeh
Okawaru
Pakellas
Qazlal
Ru
Sif Muna
Trog
Vehumet
Xom
Yredelemnul
Zin
The Shining One

Shops:
D:7 !   D:14 }

Annotations:
D:5 Blork the orc
D:10 Joseph
D:11 Fannar, Nergalle


Innate Abilities, Weirdness & Mutations

You are under a permanent stasis effect.
You can dig through walls and to a lower floor.
Your four strong arms can wield two-handed weapons with a shield.
You have a pair of large antennae on your head (SInv).


Message History

You climb downwards.
There is a stone staircase leading up, spattered with blood here.
The cyan ugly thing kicks you. The cyan ugly thing shocks you!
You hit the cyan ugly thing.
The cyan ugly thing is lightly wounded.
The cyan ugly thing kicks you. The cyan ugly thing shocks you!
* * * LOW HITPOINT WARNING * * *
Unknown command.
You are too injured to fight recklessly!
You are too injured to fight recklessly!
Drink which item? (? for menu, Esc to quit)
You feel better. The cyan ugly thing kicks you. The cyan ugly thing shocks you!
* * * LOW HITPOINT WARNING * * *
You are too injured to fight recklessly!
You hit the cyan ugly thing.
The cyan ugly thing is lightly wounded.
The cyan ugly thing kicks you.
* * * LOW HITPOINT WARNING * * *
The cyan ugly thing shocks you!
You die...

,*#......##......................
,*#........>.....................
**#......#########....###.....###
*.......*#...#####'########'##
*#......*#...................#
*#......##...................#
*............................#
*...........)................#
*.............u@.............#
***+*****##...##......##.>..###
,,,,,*,,,*#...*#####+###.<..#####
,,,,,*,,,,,,,,*.............#....
,,,,,+,,,,,,,,*.............#....
,,,,,*,,,,,,,,*.............'....
,,,,,*,,,,,,,,*.............#....
,,,,,*,,,,,,,,*.............#....
,,,,,*,,,,,,,,*.............#....


You could see a cyan ugly thing.

Vanquished Creatures
  Erolcha (D:9)
  An elephant (D:11)
  A redback zombie (D:13)
  A two-headed ogre (D:13)
  Prince Ribbit (D:9)
  Sigmund (D:5)
  Eustachio (D:5)
  5 yaks
  A steam dragon (D:11)
  2 hungry ghosts
  2 insubstantial wisps
  A water moccasin (D:8)
  4 sky beasts
  An orc warrior (D:8)
  4 phantoms
  7 ogres
  An ice beast (D:6)
  A crocodile (D:7)
  A big kobold (D:8)
  6 giant frogs
  A gnoll sergeant (D:6)
  A scorpion (D:7)
  7 killer bees
  3 wights (D:10)
  8 crimson imps
  3 hounds
  A quasit (D:6)
  A gnoll shaman (D:7)
  6 jellies
  13 orc priests
  6 orc wizards
  2 giant frog skeletons
  2 iguanas (D:5)
  6 worker ants
  2 worker ant zombies
  12 adders
  6 gnolls
  A shadow imp (D:7)
  7 oozes
  2 adder zombies (D:6)
  2 worms
  7 giant geckos
  29 orcs
  2 ball pythons
  6 bats
  4 giant cockroaches
  5 hobgoblins
  11 jackals
  15 kobolds
  3 quokkas
  12 giant newts
  5 goblins
  2 quokka skeletons (D:4)
  5 rats
  A spectral orc (D:5)
242 creatures vanquished.

Notes
Turn   | Place    | Note
--------------------------------------------------------------
     0 | D:1      | KarvaRausku the Formicid Fighter began the quest for the Orb.
     0 | D:1      | Reached XP level 1. HP: 18/18 MP: 1/1
   126 | D:1      | Reached XP level 2. HP: 24/24 MP: 2/2
   432 | D:1      | You fall through a shaft!
   544 | D:2      | Reached XP level 3. HP: 30/30 MP: 3/3
   595 | D:2      | Reached skill level 4 in Fighting
  1088 | D:1      | You fall through a shaft!
  1226 | D:2      | Found an ancient bone altar of Kikubaaqudgha.
  1228 | D:2      | Found a shadowy altar of Dithmenos.
  1312 | D:2      | Found a stormy altar of Qazlal.
  1452 | D:2      | Reached XP level 4. HP: 37/37 MP: 4/4
  1549 | D:2      | Found a white marble altar of Elyvilon.
  1570 | D:2      | You fall through a shaft!
  1626 | D:3      | Found a burning altar of Makhleb.
  1627 | D:3      | Found a shimmering altar of Xom.
  1910 | D:3      | Reached XP level 5. HP: 37/43 MP: 5/5
  1920 | D:3      | Reached skill level 5 in Fighting
  2497 | D:3      | Reached XP level 6. HP: 51/51 MP: 6/6
  3479 | D:5      | Entered Level 5 of the Dungeon
  3558 | D:5      | Noticed Eustachio
  3577 | D:5      | Killed Eustachio
  3577 | D:5      | Reached skill level 6 in Fighting
  3577 | D:5      | Reached skill level 5 in Long Blades
  3577 | D:5      | Reached XP level 7. HP: 40/58 MP: 7/7
  3671 | D:5      | Found a radiant altar of Vehumet.
  3852 | D:5      | Noticed Sigmund
  3866 | D:5      | Killed Sigmund
  3866 | D:5      | Reached skill level 7 in Fighting
  3957 | D:5      | Noticed Blork the orc
  4007 | D:5      | Found a basalt altar of Yredelemnul.
  4042 | D:5      | Reached XP level 8. HP: 62/67 MP: 8/8
  4102 | D:5      | Found a glowing golden altar of the Shining One.
  4889 | D:6      | Found an opulent altar of Gozag.
  4927 | D:6      | Reached skill level 8 in Fighting
  5338 | D:5      | You fall through a shaft for 3 floors!
  5338 | D:8      | Found a glowing silver altar of Zin.
  5725 | D:6      | Found a staircase to the Ecumenical Temple.
  5737 | Temple   | Entered the Ecumenical Temple
  5863 | D:6      | Reached XP level 9. HP: 28/75 MP: 9/9
  6091 | D:6      | Reached skill level 9 in Fighting
  6353 | D:7      | Found Ygepp's Distillery.
  6367 | D:7      | Bought a potion of heal wounds for 65 gold pieces
  6367 | D:7      | Bought a potion of mutation for 32 gold pieces
  7892 | D:8      | Reached skill level 10 in Fighting
  8070 | D:8      | Reached skill level 1 in Dodging
  8229 | D:8      | Reached XP level 10. HP: 45/85 MP: 10/10
  9439 | D:9      | Reached skill level 1 in Stealth
  9592 | D:9      | Found an iron altar of Okawaru.
  9631 | D:9      | Became a worshipper of Warmaster Okawaru
  9721 | D:9      | Reached skill level 5 in Shields
  9886 | D:9      | Found a deep blue altar of Sif Muna.
  9933 | D:9      | Found a bloodstained altar of Trog.
  9954 | D:9      | Noticed Prince Ribbit
  9968 | D:9      | Killed Prince Ribbit
 10101 | D:9      | Reached skill level 5 in Armour
 10182 | D:9      | Noticed Erolcha
 10200 | D:9      | Killed Erolcha
 10200 | D:9      | Reached * piety under Okawaru
 10567 | D:10     | Entered Level 10 of the Dungeon
 10570 | D:10     | Noticed Joseph
 10587 | D:10     | Reached ** piety under Okawaru
 10617 | D:9      | Reached skill level 10 in Long Blades
 11012 | D:9      | Reached XP level 11. HP: 68/92 MP: 11/11
 11135 | D:10     | Noticed a hill giant
 11349 | D:10     | You fall through a shaft for 3 floors!
 11676 | D:11     | Noticed an elephant
 12250 | D:11     | Noticed Fannar
 12429 | D:11     | Reached skill level 11 in Fighting
 12789 | D:11     | Killed an elephant
 12789 | D:11     | Reached *** piety under Okawaru
 12900 | D:11     | You fall through a shaft for 3 floors!
 12901 | D:14     | Found an oddly glowing altar of Pakellas.
 12901 | D:14     | Found Pakellas's Prime Provisions.
 13550 | D:13     | Noticed an unseen horror
 13551 | D:13     | Noticed a cyan ugly thing
 13567 | D:11     | Noticed Nergalle
 13585 | D:12     | Slain by a cyan ugly thing

Vault maps used:
D:1:      dpeg_arrival_tiny_i
D:2:      lemuel_coloured_pillars_altar, gammafunk_temple_overflow_forgotten
D:3:      grunt_temple_overflow_champion_of_chaos
D:4:      first_bread
D:5:      yredelemnul_forgotten_temple_becter, marbit_many_paths,
          kennysheep_mini_moat, minmay_lizard_king, uniq_eustachio,
          uniq_blork_the_orc, uniq_sigmund
D:6:      lemuel_crystal_altar, minmay_temple_entry_glassed_door,
          enter_ossuary_5
D:7:      serial_shops, nicolae_shop_crystal
D:8:      zin_treasury
D:9:      lightli_temple_of_fire, led_sif_pool, old_standard_altar,
          hangedman_little_slice_of_home, evilmike_surprise_oklob,
          uniq_prince_ribbit1, uniq_erolcha
D:10:     david_orc_3, minmay_misc_feat_tiny, uniq_harold, uniq_joseph
D:11:     david_lair_generic, basic_altar, minmay_misc_feat_enclosed,
          stair_cage_line, hangedman_misty_isle, uniq_fannar, uniq_nergalle
D:13:     uniq_kirke
D:14:     grunt_vaults_entry_fortified, minivault_4, johnstein_pakellas_shop,
          uniq_snorg
Temple:   nicolae_temple_no_exploring_needed

Action                   |  1- 3 |  4- 6 |  7- 9 | 10-12 || total
-------------------------+-------+-------+-------+-------++-------
Melee: Long sword        |    98 |   166 |   503 |   595 ||  1362
 Abil: Shaft Self        |       |     1 |     1 |     2 ||     4
       Dig               |       |     1 |     1 |     3 ||     5
Evoke: Wand              |       |       |       |    11 ||    11
  Use: Scroll            |       |       |    11 |    13 ||    24
       Potion            |       |       |     1 |     4 ||     5
 Stab: Sleeping          |       |       |       |     5 ||     5
       Distracted        |       |       |       |     1 ||     1
  Eat: Chunk             |     2 |     8 |    14 |     5 ||    29
       Royal jelly       |       |       |     1 |     2 ||     3
       Meat ration       |       |       |       |     2 ||     2
       Pizza             |       |       |       |     1 ||     1
       Beef jerky        |       |       |       |     1 ||     1
       Bread ration      |       |       |       |     5 ||     5
